BSA
POCATELLO BOCCABELLAS @ AUSTIN RIVER SHARKS
03/02/2026
 
TOP OF THE 1ST
Pocatello Boccabellas batting - Pitching for Austin River Sharks : RHP Troy Lynn
Pitching: RHP Troy Lynn
Batting: RHB José Delgado 0-0: Ball
1-0: Fly out, F6 (Popup, 4M)
Batting: LHB Norberto Muńóz 0-0: Ball
1-0: Foul Ball, location: 2F
1-1: Foul Ball, location: 2F
1-2: Strikes out looking
Batting: RHB Ernesto Acosta 0-0: Foul Ball, location: 2F
0-1: Foul Ball, location: 2F
0-2: Strikes out looking
Top of the 1st over - 0 run(s), 0 hit(s), 0 error(s), 0 left on base; Pocatello 0 - Austin 0
BOTTOM OF THE 1ST
Austin River Sharks batting - Pitching for Pocatello Boccabellas : RHP Kevin Bush
Pitching: RHP Kevin Bush
Batting: LHB Bruno Lalonde 0-0: Ball
1-0: Ball
2-0: Called Strike
2-1: Foul Ball, location: 2F
2-2: SINGLE (Groundball, 4MD)
Batting: RHB Carlos Pérez 0-0: Foul Ball, location: 2F
0-1: Foul Ball, location: 2F
0-2: Ball
1-2: Strikes out swinging
Batting: SHB Juan Castro 0-0: Ball
1-0: Ball
2-0: Swinging Strike
2-1: Ball
3-1: Foul Ball, location: 2F
3-2: Strikes out swinging
Batting: LHB Pedro Zaragoza 0-0: Ball
1-0: Swinging Strike
1-1: Ball
Throwing error on steal attempt, E2
Bruno Lalonde to third
2-1: Swinging Strike
2-2: Strikes out swinging
Bottom of the 1st over - 0 run(s), 1 hit(s), 1 error(s), 1 left on base; Pocatello 0 - Austin 0
TOP OF THE 2ND
Pocatello Boccabellas batting - Pitching for Austin River Sharks : RHP Troy Lynn
Batting: LHB Juan Cortés 0-0: Called Strike
0-1: Ground out 6-3 (Groundball, 6)
Batting: RHB Francisco Sandoval 0-0: Ball
1-0: Foul Ball, location: 2F
1-1: Swinging Strike
1-2: Strikes out swinging
Batting: RHB Pedro Guzmán 0-0: Called Strike
0-1: Ball
1-1: Ball
2-1: Foul Ball, location: 2F
2-2: Strikes out looking
Top of the 2nd over - 0 run(s), 0 hit(s), 0 error(s), 0 left on base; Pocatello 0 - Austin 0
BOTTOM OF THE 2ND
Austin River Sharks batting - Pitching for Pocatello Boccabellas : RHP Kevin Bush
Batting: LHB Miguel Colón 0-0: Fly out, F8 (Line Drive, 8LD)
Batting: RHB Kenneth Roberts 0-0: Foul Ball, location: 2F
0-1: Ball
1-1: Ball
2-1: Ball
3-1: Called Strike
3-2: Ground out 6-3 (Groundball, 6)
Batting: LHB Terry Maloney 0-0: Ball
1-0: Foul Ball, location: 2F
1-1: Ball
2-1: SOLO HOME RUN (Flyball, 9D), Distance : 390 ft
Batting: RHB Tyler Wagner 0-0: Ball
1-0: Fly out, F4 (Popup, 4M)
Bottom of the 2nd over - 1 run(s), 1 hit(s), 0 error(s), 0 left on base; Pocatello 0 - Austin 1
TOP OF THE 3RD
Pocatello Boccabellas batting - Pitching for Austin River Sharks : RHP Troy Lynn
Batting: RHB Sugita Ito 0-0: Called Strike
0-1: Called Strike
0-2: Ball
1-2: SINGLE (Line Drive, 8RS)
Batting: SHB Guillermo Ortíz 0-0: Called Strike
0-1: Swinging Strike
0-2: Ball
1-2: Ball
2-2: Foul Ball, location: 2F
2-2: Ground out 3-1 (Groundball, 34)
Sugita Ito to second
Batting: RHB Jeremy Carr 0-0: SINGLE (Groundball, 6M) (infield hit)
Sugita Ito to third
Batting: RHB José Delgado 0-0: Ball
1-0: Called Strike
1-1: Ball
2-1: Called Strike
2-2: Fly out, F2 (Popup, 23F)
Batting: LHB Norberto Muńóz 0-0: Ball
1-0: DOUBLE (Groundball, 3L)
Sugita Ito scores
Jeremy Carr to third
Runner from 3rd tries for Home, SAFE, no throw or cutoff
Batting: RHB Ernesto Acosta 0-0: Ground out 4-3 (Groundball, 4)
Top of the 3rd over - 2 run(s), 3 hit(s), 0 error(s), 1 left on base; Pocatello 2 - Austin 1
BOTTOM OF THE 3RD
Austin River Sharks batting - Pitching for Pocatello Boccabellas : RHP Kevin Bush
Batting: RHB Orlando Bruno 0-0: Ball
1-0: Called Strike
1-1: Ball
2-1: Foul Ball, location: 2F
2-2: Foul Ball, location: 2F
2-2: Strikes out swinging
Batting: LHB Bruno Lalonde 0-0: Ball
1-0: Foul Ball, location: 2F
1-1: Foul Ball, location: 2F
1-2: Ball
2-2: Foul Ball, location: 2F
2-2: Ground out 4-3 (Groundball, 34)
Batting: RHB Carlos Pérez 0-0: Ball
1-0: Called Strike
1-1: Ball
2-1: Ball
3-1: Ground out 6-3 (Groundball, 6)
Bottom of the 3rd over - 0 run(s), 0 hit(s), 0 error(s), 0 left on base; Pocatello 2 - Austin 1
TOP OF THE 4TH
Pocatello Boccabellas batting - Pitching for Austin River Sharks : RHP Troy Lynn
Batting: LHB Juan Cortés 0-0: Ball
1-0: Foul Ball, location: 2F
1-1: Foul Ball, location: 2F
1-2: Ground out 1-3 (Groundball, 25)
Batting: RHB Francisco Sandoval 0-0: Fly out, F8 (Flyball, 8RXD)
Batting: RHB Pedro Guzmán 0-0: Ball
1-0: Ball
2-0: Fly out, F9 (Flyball, 9LM)
Top of the 4th over - 0 run(s), 0 hit(s), 0 error(s), 0 left on base; Pocatello 2 - Austin 1
BOTTOM OF THE 4TH
Austin River Sharks batting - Pitching for Pocatello Boccabellas : RHP Kevin Bush
Batting: SHB Juan Castro 0-0: Ball
1-0: SINGLE (Line Drive, 34)
Batting: LHB Pedro Zaragoza 0-0: Ball
1-0: Called Strike
1-1: Called Strike
1-2: Ball
2-2: Fly out, F7 (Flyball, 8LD)
Batting: LHB Miguel Colón 0-0: Foul Ball, location: 2F
0-1: Swinging Strike
0-2: Strikes out swinging
Batting: RHB Kenneth Roberts 0-0: Ball
1-0: Foul Ball, location: 2F
1-1: Ball
2-1: Called Strike
2-2: Ball
3-2: Foul Ball, location: 2F
3-2: Strikes out looking
Bottom of the 4th over - 0 run(s), 1 hit(s), 0 error(s), 1 left on base; Pocatello 2 - Austin 1
TOP OF THE 5TH
Pocatello Boccabellas batting - Pitching for Austin River Sharks : RHP Troy Lynn
Pitching: RHP Esteban Alfonzo
Batting: RHB Sugita Ito 0-0: Called Strike
0-1: Ball
1-1: SINGLE (Line Drive, 89M)
Batting: SHB Guillermo Ortíz 0-0: Ball
1-0: Called Strike
1-1: Called Strike
Sugita Ito is caught stealing 2nd base
1-2: Foul Ball, location: 2F
1-2: Ball
2-2: SOLO HOME RUN (Flyball, 9D), Distance : 397 ft
Batting: RHB Jeremy Carr 0-0: Fly out, F7 (Flyball, 7M)
Batting: RHB José Delgado 0-0: Ball
1-0: Ball
2-0: Called Strike
2-1: Fly out, F8 (Flyball, 8LM)
Top of the 5th over - 1 run(s), 2 hit(s), 0 error(s), 0 left on base; Pocatello 3 - Austin 1
BOTTOM OF THE 5TH
Austin River Sharks batting - Pitching for Pocatello Boccabellas : RHP Kevin Bush
Pitching: RHP Jesse Moser
Batting: LHB Terry Maloney 0-0: SOLO HOME RUN (Flyball, 7LD), Distance : 344 ft
Batting: RHB Tyler Wagner 0-0: Fly out, F8 (Flyball, 8LM)
Batting: RHB Orlando Bruno 0-0: Swinging Strike
0-1: Foul Ball, location: 2F
0-2: Strikes out swinging, 2-3 out at first.
Batting: LHB Bruno Lalonde 0-0: Called Strike
0-1: Ball
1-1: Ball
2-1: TRIPLE (Flyball, 8LXD)
Batting: RHB Carlos Pérez 0-0: Foul Ball, location: 2F
0-1: Ball
1-1: Swinging Strike
1-2: Strikes out swinging
Bottom of the 5th over - 1 run(s), 2 hit(s), 0 error(s), 1 left on base; Pocatello 3 - Austin 2
TOP OF THE 6TH
Pocatello Boccabellas batting - Pitching for Austin River Sharks : RHP Esteban Alfonzo
Batting: LHB Norberto Muńóz 0-0: Ball
1-0: Swinging Strike
1-1: Ground out 6-3 (Groundball, 6M)
Batting: RHB Ernesto Acosta 0-0: Ball
1-0: Called Strike
1-1: SINGLE (Groundball, 34D) (infield hit)
Batting: LHB Juan Cortés 0-0: Ball
1-0: Called Strike
1-1: Ball
2-1: Ball
3-1: Swinging Strike
3-2: Base on Balls
Ernesto Acosta to second
Batting: RHB Francisco Sandoval 0-0: Ball
1-0: Swinging Strike
1-1: Foul Ball, location: 2F
1-2: Strikes out swinging
Batting: RHB Pedro Guzmán 0-0: Ground out 6-3 (Groundball, 6)
Top of the 6th over - 0 run(s), 1 hit(s), 0 error(s), 2 left on base; Pocatello 3 - Austin 2
BOTTOM OF THE 6TH
Austin River Sharks batting - Pitching for Pocatello Boccabellas : RHP Jesse Moser
Batting: SHB Juan Castro 0-0: Ball
1-0: DOUBLE (Flyball, 8RS)
Batting: LHB Pedro Zaragoza 0-0: Ball
1-0: Ball
2-0: SINGLE (Flyball, 8LS)
Juan Castro to third
Batting: LHB Miguel Colón 0-0: Fly out, F7 (Flyball, 78D)
Runner from 3rd tags up, SCORES, no throw
Batting: RHB Kenneth Roberts 0-0: Ball
1-0: Called Strike
1-1: Called Strike
1-2: Ball
2-2: Ball
3-2: Ground out 2-3 (Groundball, 2R)
Pedro Zaragoza to second
Batting: LHB Terry Maloney 0-0: Ball
1-0: Ball
2-0: Called Strike
2-1: Foul Ball, location: 2F
2-2: Strikes out swinging
Bottom of the 6th over - 1 run(s), 2 hit(s), 0 error(s), 1 left on base; Pocatello 3 - Austin 3
TOP OF THE 7TH
Pocatello Boccabellas batting - Pitching for Austin River Sharks : RHP Esteban Alfonzo
Pitching: RHP Juan González
Pinch Hitting: SHB Glenn Vadnais 0-0: Ball
1-0: Foul Ball, location: 2F
1-1: Called Strike
1-2: Ball
2-2: Foul Ball, location: 2F
2-2: SOLO HOME RUN (Line Drive, 89XD), Distance : 453 ft
Batting: SHB Guillermo Ortíz 0-0: Ball
1-0: Ball
2-0: Ground out 4-3 (Groundball, 4M)
Batting: RHB Jeremy Carr 0-0: Called Strike
0-1: Fly out, F8 (Flyball, 8LXD)
Pinch Hitting: LHB Jim Jensen 0-0: Foul Ball, location: 2F
0-1: Foul Ball, location: 2F
0-2: Ball
1-2: Ball
2-2: Ball
3-2: DOUBLE (Flyball, 8RXD)
Batting: LHB Norberto Muńóz 0-0: Called Strike
0-1: Called Strike
0-2: Ball
1-2: Strikes out swinging
Top of the 7th over - 1 run(s), 2 hit(s), 0 error(s), 1 left on base; Pocatello 4 - Austin 3
BOTTOM OF THE 7TH
Austin River Sharks batting - Pitching for Pocatello Boccabellas : RHP Jesse Moser
Pitching: RHP Ramón Fonseca
Now at 2B: Jim Jensen
Now at SS: Jesús Ramírez
Batting: RHB Tyler Wagner 0-0: Called Strike
0-1: Fly out, F8 (Flyball, 8RS)
Batting: RHB Orlando Bruno 0-0: Ball
1-0: Ball
2-0: Called Strike
2-1: Ball
3-1: Base on Balls
Pinch Hitting: RHB Carlos Guzmán 0-0: Ground out 5-3 (Groundball, 5)
Orlando Bruno to second
Pinch Hitting: RHB Dan Wyatt 0-0: Ball
Wild Pitch!
Orlando Bruno to third
1-0: Ball
2-0: Ball
3-0: Called Strike
3-1: Called Strike
3-2: Ground out 6-3 (Groundball, 6)
Bottom of the 7th over - 0 run(s), 0 hit(s), 0 error(s), 1 left on base; Pocatello 4 - Austin 3
TOP OF THE 8TH
Pocatello Boccabellas batting - Pitching for Austin River Sharks : RHP Juan González
Now at 1B: Carlos Guzmán
Batting: RHB Keith Kirkpatrick 0-0: Called Strike
Now at 1B: Dan Wyatt 0-1: Ball
1-1: Called Strike
1-2: Ball
2-2: Strikes out swinging
Pinch Hitting: LHB David Monahan 0-0: Called Strike
0-1: Swinging Strike
0-2: Strikes out swinging
Pinch Hitting: RHB Tomás Carranza 0-0: Called Strike
0-1: Called Strike
0-2: Ball
1-2: Ground out 4-3 (Groundball, 4M)
Top of the 8th over - 0 run(s), 0 hit(s), 0 error(s), 0 left on base; Pocatello 4 - Austin 3
BOTTOM OF THE 8TH
Austin River Sharks batting - Pitching for Pocatello Boccabellas : RHP Ramón Fonseca
Now at 3B: Dani Rodríguez
Now in RF: David Monahan
Pinch Hitting: LHB Miguel Pérez 0-0: Called Strike
0-1: Fly out, F9 (Flyball, 89S)
Pinch Hitting: RHB Clark Hodge 0-0: Ball
1-0: Called Strike
1-1: Swinging Strike
1-2: Strikes out swinging
Pinch Hitting: SHB John Miller 0-0: Called Strike
0-1: Ball
1-1: SINGLE (Line Drive, 4MD)
Batting: RHB Kenneth Roberts 0-0: Foul Ball, location: 2F
0-1: Swinging Strike
0-2: Foul Ball, location: 2F
0-2: Ball
1-2: Foul Ball, location: 2F
1-2: Ball
2-2: Strikes out swinging
Bottom of the 8th over - 0 run(s), 1 hit(s), 0 error(s), 1 left on base; Pocatello 4 - Austin 3
TOP OF THE 9TH
Pocatello Boccabellas batting - Pitching for Austin River Sharks : RHP Juan González
Pitching: RHP Glen Brewer
Now at SS: John Miller
Now in CF: Clark Hodge
Now in RF: Miguel Pérez
Pinch Hitting: RHB Ramiro Ross 0-0: Called Strike
0-1: Ball
1-1: Ball
2-1: Called Strike
2-2: Ball
3-2: Ground out 6-3 (Groundball, 6M)
Pitching: LHP Manuel Gil
Batting: LHB Jesús Ramírez 0-0: Fly out, F4 (Line Drive, 4)
Pitching: RHP Tatsuzo Harada
Pinch Hitting: RHB Carl Bryant 0-0: Ball
1-0: Called Strike
1-1: Foul Ball, location: 2F
1-2: Strikes out looking
Top of the 9th over - 0 run(s), 0 hit(s), 0 error(s), 0 left on base; Pocatello 4 - Austin 3
BOTTOM OF THE 9TH
Austin River Sharks batting - Pitching for Pocatello Boccabellas : RHP Ramón Fonseca
Pitching: RHP Adrián Martínez
Now at C: Carl Bryant
Now at 1B: Chris Parker
Batting: RHB Cristián Peńa 0-0: Called Strike
0-1: Swinging Strike
0-2: Ball
1-2: Ball
2-2: Foul Ball, location: 2F
2-2: Ball
3-2: Base on Balls
Pinch Hitting: RHB Ingo Backx 0-0: Ball
1-0: Ball
2-0: Called Strike
2-1: Foul Ball, location: 2F
2-2: Foul Ball, location: 2F
2-2: Fly out, F8 (Flyball, 8RM)
Pinch Hitting: LHB Freddy Herrera 0-0: Ball
1-0: Swinging Strike
1-1: Ball
2-1: Grounds into double play, 4-6-3 (Groundball, 4M)
Bottom of the 9th over - 0 run(s), 0 hit(s), 0 error(s), 0 left on base; Pocatello 4 - Austin 3
Monday, December 5th, 2016 - OOTP Baseball 17.12 Build 75